 Dungeon Crawl Stone Soup version 0.26-a0-652-gafc20e3620 (webtiles) character file.

Game seed: 5380931178727651838

5548 Demosthentine the Slinger (level 11, -9/76 HPs)
             Began as a Halfling Hunter on Oct 2, 2020.
             Was a High Priest of Ru.
             Killed from afar by a fire dragon (38 damage)
             ... with a blast of flame
             ... on level 10 of the Dungeon.
             The game lasted 00:20:04 (10777 turns).

Demosthentine the Slinger (Halfling Hunter)        Turns: 10777, Time: 00:20:04

Health: -9/76      AC: 17    Str: 13    XL:     11   Next: 2%
Magic:  0/11       EV: 26    Int:  9    God:    Ru [*****.]
Gold:   566        SH:  7    Dex: 19    Spells: 10/10 levels left

rFire    . . .     SeeInvis .   a - +2 hunting sling
rCold    . . .     Faith    .   k - +0 buckler
rNeg     . . .     Spirit   +   F - +0 troll leather armour
rPois    .         Reflect  .   p - +0 helmet
rElec    .         Harm     .   z - +2 cloak {Stlth+}
rCorr    .         Rampage  .   C - +0 pair of gloves
MR       +....                  t - +0 pair of boots "Uvohereq" {MR+} (curse)
Stlth    ++........             h - amulet of guardian spirit
HPRegen  0.62/turn              D - +4 ring of protection
MPRegen  0.12/turn              B - +4 ring of evasion

@: no status effects
A: small, mutation resistance 1, inability to use devices, hated by all,
inexperienced 1
a: Draw Out Power, Power Leap, Apocalypse, Renounce Religion


You were on level 10 of the Dungeon.
You worshipped Ru.
Ru was extremely pleased with you.
You visited 2 branches of the dungeon, and saw 11 of its levels.

You collected 641 gold pieces.
You spent 75 gold pieces at shops.

Inventory:

Hand Weapons
 a - a +2 hunting sling (weapon)
 r - the cursed +2 mace "Giant's Demise" {flame, MR- Int+5, unknown}
   (You found it on level 9 of the Dungeon)

   It has been specially enchanted to burn those struck by it, causing extra
   injury to most foes and up to half again as much damage against particularly
   susceptible opponents.
   It affects your intelligence (+5).
   It affects your resistance to hostile enchantments.
   It has a curse placed upon it.
Missiles
 d - 15 sling bullets (quivered)
 e - 129 stones
 y - 5 silver boomerangs
 G - 10 curare-tipped darts
Armour
 k - a +0 buckler (worn)
 p - a +0 helmet (worn)
 t - the cursed +0 pair of boots "Uvohereq" (worn) {MR+}
   (You found it on level 5 of the Dungeon)

   It affects your resistance to hostile enchantments.
   It has a curse placed upon it.
 z - a +2 cloak of stealth (worn)
 C - a +0 pair of gloves (worn)
 F - a +0 troll leather armour (worn)
Jewellery
 h - an amulet of guardian spirit (around neck)
 B - a +4 ring of evasion (right hand)
 D - a +4 ring of protection (left hand)
 H - an uncursed ring of wizardry {unknown}
Scrolls
 c - 2 scrolls of identify
 i - 4 scrolls of magic mapping
 l - 3 scrolls of teleportation
 n - a scroll of blinking
 v - 3 scrolls of remove curse
 w - 2 scrolls of amnesia
 E - a scroll of fear
Potions
 b - 2 potions of mutation
 f - 5 potions of brilliance
 g - 3 potions of flight {unknown}
 j - 3 potions of stabbing {unknown}
 m - 2 potions of might {unknown}
 o - a potion of lignification
 q - a potion of ambrosia {unknown}
 s - a potion of cancellation {unknown}
 u - 3 potions of curing
 x - a potion of haste {unknown}
 A - a potion of heal wounds


   Skills:
 + Level 7.7 Fighting
 + Level 12.7 Slings
 + Level 8.8 Armour
 + Level 9.2 Dodging
 - Level 1.1 Stealth
 - Level 5.6 Shields


You had 10 spell levels left.
You didn't know any spells.
Your spell library contained the following spells:

 Spells                   Type           Power        Failure   Level
 Foxfire                  Conj/Fire      #...         45%         1
 Magic Dart               Conj           #...         45%         1
 Searing Ray              Conj           #.....       58%         2
 Conjure Flame            Conj/Fire      #.......     83%         3
 Dazzling Flash           Conj/Hex       #.....       83%         3
 Inner Flame              Hex/Fire       #.......     83%         3
 Fulminant Prism          Conj/Hex       #.........   99%         4
 Iskenderun's Mystic Bla  Conj/Tloc      #.......     99%         4
 Sticky Flame             Conj/Fire      #.......     99%         4
 Fireball                 Conj/Fire      #.........   100%        5
 Summon Small Mammal      Summ           Unusable     N/A         1
 Call Imp                 Summ           Unusable     N/A         2
 Call Canine Familiar     Summ           Unusable     N/A         3
 Summon Guardian Golem    Hex/Summ       Unusable     N/A         3
 Summon Ice Beast         Ice/Summ       Unusable     N/A         4
 Summon Lightning Spire   Summ/Air       Unusable     N/A         4

Dungeon Overview and Level Annotations

Branches:
Dungeon (10/15)            Temple (1/1) D:5            Lair (0/6) D:9
    Orc (0/2) D:10

Altars:
Ashenzari
Cheibriados
Dithmenos
Elyvilon
Fedhas
Gozag
Hepliaklqana
Kikubaaqudgha
Makhleb
Nemelex Xobeh
Okawaru
Qazlal
Ru
Sif Muna
Trog
Uskayaw
Vehumet
Wu Jian
Xom
Yredelemnul
Zin
The Shining One

Shops:
D:6 !


Innate Abilities, Weirdness & Mutations

You are small and have problems with some larger weapons.
You are somewhat resistant to further mutation.
You cannot study or use magical devices.
You are hated by all.
You are somewhat inexperienced. (-2 XL)


Message History

You shoot a sling bullet.
The sling bullet hits the fire dragon but does no damage.
The fire dragon is heavily wounded.
The fire dragon misses you. The fire dragon claws you.
The fire dragon tramples you.
You stumble backwards!
Firing (i - inventory. (/) - cycle)
d - 17 sling bullets (quivered)
Press: ? - help, Shift-Dir - straight line, f/p - fire dragon
Aim: a fire dragon (heavily wounded)
You shoot a sling bullet.
The sling bullet hits the fire dragon but does no damage.
The fire dragon is heavily wounded.
Firing (i - inventory. (/) - cycle)
d - 16 sling bullets (quivered)
Press: ? - help, Shift-Dir - straight line, f/p - fire dragon
Aim: a fire dragon (heavily wounded)
You shoot a sling bullet. The sling bullet hits the fire dragon.
The fire dragon is heavily wounded.
The fire dragon breathes flames at you. The blast of flame hits you!!!
Ouch! That really hurt!
You die...

#.#......................
#.#......................
............<[รท..........
#.#...........<).........
#.#....#.#.....[.........
# #............)....##.##
#...................).#
#####.#########.#####.#
#.....@DZ(##.#...#.##.#
#.#######(#...#.#...#.#
#.....#(##.#.#.#.##.#
#.###.#(#.#.....#.#..
#.')#.'....#.#.#.....
#.###.#(#.#.....#.#..
#.....#(##.#.#.#.##..
#.#######(#...#.#...# .
#........(##.#...#.##


You could see a fire dragon (catching breath) and a bullfrog skeleton.

Vanquished Creatures
  A two-headed ogre (D:10)
  A deep elf mage (D:8)
  2 ugly things (D:10)
  A manticore (D:10)
  A troll (D:10)
  Grinder (D:5)
  2 hippogriffs
  4 wargs (D:9)
  A porcupine (D:9)
  2 sky beasts
  2 orc warriors
  An ice beast (D:9)
  2 phantoms
  5 ogres
  A black bear (D:9)
  4 centaurs
  A crocodile (D:9)
  A big kobold (D:9)
  7 bullfrogs
  A water moccasin skeleton (D:6)
  2 wyvern skeletons
  2 scorpions (D:8)
  8 wights
  2 howler monkeys
  2 centaur zombies
  2 jellies
  7 orc priests
  3 bullfrog skeletons
  A quasit (D:5)
  5 hounds
  Crazy Yiuf (D:5)
  A centaur skeleton (D:10)
  4 iguanas
  8 orc wizards
  3 worker ants
  4 hound skeletons
  A howler monkey zombie (D:3)
  3 worker ant zombies (D:3)
  Robin (D:2)
  12 gnolls
  13 adders
  2 shadow imps
  2 white imps
  4 ufetubi
  3 adder zombies
  2 adder skeletons (D:3)
  3 worms
  2 dart slugs
  3 leopard geckos
  24 orcs
  2 giant cockroaches (D:3)
  11 goblins
  9 hobgoblins
  10 jackals
  3 quokkas
  4 ball pythons
  A ball python zombie (D:3)
  3 bats
  5 frilled lizards
  2 jackal skeletons
  A jackal zombie (D:3)
  9 kobolds
  3 leopard gecko zombies (D:3)
  3 quokka skeletons
  3 quokka zombies (D:3)
  A rat (D:1)
241 creatures vanquished.

Vanquished Creatures (others)
  A two-headed ogre (D:8)
  A howler monkey (D:10)
  An iguana (D:10)
  An orc (D:7)
  6 fungi (D:9)
  16 plants (D:9)
  6 withered plants (D:3)
32 creatures vanquished.

Grand Total: 273 creatures vanquished

Notes
Turn   | Place    | Note
-------+----------+-------------------------------------------
     0 | D:1      | Demosthentine the Halfling Hunter began the quest for the
                  | Orb.
     0 | D:1      | Reached XP level 1. HP: 14/14 MP: 1/1
   199 | D:1      | Reached skill level 6 in Slings
   199 | D:1      | Reached XP level 2. HP: 19/19 MP: 2/2
   815 | D:2      | Reached skill level 1 in Armour
   827 | D:2      | Reached XP level 3. HP: 22/24 MP: 3/3
  1090 | D:2      | Found a sacrificial altar of Ru.
  1102 | D:2      | Found an iron altar of Okawaru.
  1126 | D:2      | Became a worshipper of Ru the Awakened
  1169 | D:2      | Noticed Robin
  1173 | D:2      | Reached XP level 4. HP: 30/30 MP: 4/4
  1217 | D:2      | Killed Robin
  1519 | D:2      | Reached skill level 1 in Shields
  1520 | D:2      | Reached XP level 5. HP: 35/35 MP: 5/5
  2126 | D:3      | Reached XP level 6. HP: 19/41 MP: 6/6
  2158 | D:3      | Reached skill level 7 in Slings
  2435 | D:3      | HP: 2/42 [centaur/cursed -1 shortbow (5)]
  2446 | D:3      | Reached XP level 7. HP: 3/46 MP: 7/7
  2836 | D:3      | Found a faded altar of an unknown god.
  2850 | D:3      | Gained mutation: You cannot study or use magical devices.
                  | [Ru sacrifice]
  2850 | D:3      | Reached * piety under Ru
  2850 | D:3      | Reached ** piety under Ru
  2942 | D:3      | Found a snail-covered altar of Cheibriados.
  2942 | D:3      | Found a shimmering blue altar of Sif Muna.
  2942 | D:3      | Found a bloodstained altar of Trog.
  2945 | D:3      | Found a glowing silver altar of Zin.
  2945 | D:3      | Found a hazy altar of Hepliaklqana.
  3296 | D:3      | Found a glowing golden altar of the Shining One.
  3963 | D:5      | Entered Level 5 of the Dungeon
  3963 | D:5      | Found a staircase to the Ecumenical Temple.
  3968 | D:5      | Noticed Grinder
  3992 | D:5      | Paralysed by Grinder for 3 turns
  4001 | D:5      | Paralysed by Grinder for 5 turns
  4009 | D:5      | Paralysed by Grinder for 2 turns
  4014 | D:5      | Killed Grinder
  4014 | D:5      | Reached skill level 8 in Slings
  4014 | D:5      | Reached XP level 8. HP: 18/54 MP: 3/8
  4023 | Temple   | Entered the Ecumenical Temple
  4537 | D:5      | Got a pair of twisted boots
  4543 | D:5      | Identified the cursed +0 pair of boots "Uvohereq" {MR+}
                  | (You found it on level 5 of the Dungeon)
  4599 | D:5      | Reached skill level 5 in Dodging
  5439 | D:5      | Found a runed translucent door.
  5440 | D:5      | Noticed Crazy Yiuf
  5667 | D:5      | Reached skill level 9 in Slings
  5809 | D:5      | Found an ornate altar of the Wu Jian Council.
  5916 | D:5      | Killed Crazy Yiuf
  5916 | D:5      | Reached XP level 9. HP: 55/59 MP: 9/9
  6002 | D:6      | Gained mutation: You are hated by all. [Ru sacrifice]
  6002 | D:6      | Reached *** piety under Ru
  6027 | D:6      | Reached skill level 5 in Armour
  6227 | D:6      | Reached skill level 5 in Shields
  6515 | D:6      | Reached skill level 5 in Fighting
  6704 | D:6      | Found Zacog's Distillery.
  6712 | D:6      | Bought a potion of heal wounds for 75 gold pieces
  7235 | D:7      | Reached skill level 10 in Slings
  7334 | D:7      | Found a stormy altar of Qazlal.
  7557 | D:7      | Found an opulent altar of Gozag.
  7838 | D:8      | Reached XP level 10. HP: 56/67 MP: 10/10
  7908 | D:8      | Noticed a two-headed ogre
  7947 | D:8      | Killed a two-headed ogre
  8298 | D:8      | Gained mutation: You are somewhat inexperienced. (-2 XL)
                  | [Ru sacrifice]
  8298 | D:8      | Reached XP level 9. HP: 62/62 MP: 9/9
  8298 | D:8      | Reached XP level 8. HP: 57/57 MP: 8/8
  8298 | D:8      | Reached **** piety under Ru
  8298 | D:8      | Reached ***** piety under Ru
  8454 | D:8      | Noticed a hippogriff
  8471 | D:8      | Killed a hippogriff
  8471 | D:8      | Reached skill level 11 in Slings
  8618 | D:8      | Found a sparkling altar of Nemelex Xobeh.
  8860 | D:8      | Noticed a deep elf mage
  8870 | D:8      | Killed a deep elf mage
  8870 | D:8      | Reached XP level 9. HP: 40/63 MP: 5/9
  9229 | D:9      | Found a shadowy altar of Dithmenos.
  9571 | D:9      | Got a transparent mace
  9807 | D:9      | Found a staircase to the Lair.
 10054 | D:9      | Found an iron altar of Okawaru.
 10102 | D:10     | Entered Level 10 of the Dungeon
 10102 | D:10     | Noticed a troll
 10116 | D:10     | Killed a troll
 10116 | D:10     | Reached XP level 10. HP: 66/69 MP: 8/10
 10266 | D:10     | Reached skill level 12 in Slings
 10274 | D:10     | Noticed a manticore
 10297 | D:10     | Killed a manticore
 10313 | D:10     | Noticed a red ugly thing
 10322 | D:10     | Noticed a red ugly thing
 10377 | D:10     | Killed a red ugly thing
 10395 | D:10     | Killed a purple ugly thing
 10490 | D:10     | Noticed a two-headed ogre
 10504 | D:10     | Killed a two-headed ogre
 10617 | D:9      | Reached XP level 11. HP: 67/76 MP: 11/11
 10644 | D:10     | Found a staircase to the Orcish Mines.
 10734 | D:10     | Noticed a fire dragon
 10777 | D:10     | Killed from afar by a fire dragon

Illustrated notes

Levels and vault maps discovered:
D:1:      dpeg_arrival_leaves_temple_mockup, layout_loops_ring
D:2:      layout_basic, nicolae_overflow_crystal_walls,
          overflow_temple_1_default, uniq_robin
D:3:      layout_basic, tso_oasis_becter, grunt_temple_overflow_open,
          serial_undead, serial_undead_f, serial_undead_b, serial_undead_f,
          serial_undead_b, serial_undead_c, serial_undead_d, serial_undead_a,
          serial_undead_a, serial_undead_e, serial_undead_b,
          chequers_ecumenical_altar_simple
D:4:      layout_rooms
D:5:      layout_rooms, marbit_many_paths, minmay_temple_entry_sparse_star,
          hex_intersection, grunt_ministairs_9, uniq_crazy_yiuf_cottage,
          uniq_grinder
D:6:      layout_basic, serial_shops, shop_statue, minivault_26
D:7:      layout_basic, nicolae_qazlal_general_emergency,
          nicolae_gozag_cash_rules_everything_around_me
D:8:      layout_basic, nemelex_xobeh_ov_fountains_minmay, serial_glass,
          glass_columns_b, glass_columns_a
D:9:      layout_rooms, lemuel_doored_altar, grunt_lair_entry_orc_guard_hut,
          minmay_stone_trees_medium, okawaru_gym_becter
D:10:     minmay_the_grid_net [minmay_the_grid_dragon_b,
          minmay_the_grid_medium_cups, minmay_the_grid_slots,
          minmay_the_grid_diamond_grid, minmay_the_grid_all_tris,
          minmay_the_grid_prize_shrinking_boxes], layout_rooms,
          minmay_orc_entry_guard_dogs, lemuel_flamethrower_1, uniq_grum
Temple:   nicolae_temple_figure_zero

Skill      XL: |  1  2  3  4  5  6  7  8  9 10 |
---------------+-------------------------------+-----
Slings         | 6 7 8 11 10 12 | 12.7
Fighting       | 2 3 4 5 7 |  7.7
Armour         | 1 2 3 7 6 8 |  8.8
Dodging        | 3 4 5 8 9 |  9.2
Shields        | 1 2 3 4 5 |  5.6
Stealth        | |  1.1

Action                   |  1- 3 |  4- 6 |  7- 9 | 10-12 || total
-------------------------+-------+-------+-------+-------++-------
Melee: Hunting sling     |       |       |     1 |       ||     1
 Fire: Hunting sling     |    68 |   193 |   942 |   342 ||  1545
Throw: Boomerang         |       |       |       |     1 ||     1
Invok: Sacrifice Artific |       |       |     1 |       ||     1
       Sacrifice Experie |       |       |     1 |       ||     1
       Sacrifice Love    |       |       |     1 |       ||     1
  Use: Scroll            |     6 |     3 |     6 |       ||    15
       Potion            |       |     4 |     1 |     2 ||     7
Armor: Leather armour    |     4 |    22 |    50 |    12 ||    88
       Troll leather arm |       |       |       |    14 ||    14
Dodge: Dodged            |     5 |   105 |   232 |   138 ||   480
Block: Buckler           |       |       |     9 |    61 ||    70

Table legend: (Time is in decaauts)
 A = Elapsed time spent in this place.
 B = Non-inter-level travel time spent in this place.
 C = Inter-level travel time spent in this place.
 D = Time resting spent in this place.
 E = Time spent auto-exploring this place.
 F = Levels seen in this place.
 G = Mean time per level.
                   A        B        C        D        E       F      G
               +--------+--------+--------+--------+--------+-----+--------+
         Total |  10353 |  10197 |    156 |    960 |   7358 |  11 |  941.2 |
       Dungeon |  10047 |   9891 |    156 |    960 |   7063 |  10 | 1004.7 |
        Temple |    305 |    305 |      0 |      0 |    295 |   1 |  305.0 |
               +--------+--------+--------+--------+--------+-----+--------+

Top non-repeatable levels by time:
     D:5: 1890 daAuts
     D:3: 1448 daAuts
     D:8: 1380 daAuts
     D:2: 1173 daAuts
     D:9: 1016 daAuts
     D:1: 811 daAuts
     D:7: 733 daAuts
     D:6: 668 daAuts
     D:4: 475 daAuts
    D:10: 450 daAuts
  Temple: 305 daAuts
